 Dungeon Crawl Stone Soup version 0.30-a0-358-g0d69a1922f (webtiles) character file.

Game seed: 14352435362605748911

156 lunkers the Digger (level 5, -1/36 (38) HPs)
             Began as a Meteoran Earth Elementalist on Nov 5, 2022.
             Slain by an orc
             ... wielding a +0 club
              (2 damage)
             ... on level 3 of the Dungeon on Nov 10, 2022.
             The game lasted 00:04:55 (1137 turns).

lunkers the Digger (Meteoran Earth Elementalist)    Turns: 1137, Time: 00:04:56

HP:   -1/36 (38)    AC:  5    Str:  9    XL:     5   Next: 98%
MP:   14/21         EV: 12    Int: 19    God:
Gold: 99            SH:  0    Dex: 14    Spells: 2/12 levels left

rFire   . . .      SeeInvis .    m - +0 long sword
rCold   . . .      Faith    .    (no shield)
rNeg    . . .      Spirit   .    a - +0 robe
rPois   +          Reflect  .    o - +2 hat
rElec   .          Harm     .    (no cloak)
rCorr   .          Rampage  .    l - +0 pair of gloves
Will    .....                    (no boots)
Stlth   +.........               (no amulet)
HPRegen 0.26/turn                j - ring of poison resistance
MPRegen 0.17/turn                k - ring of magical power

@: glowing, drained
A: sense surroundings 1, otherworldly, glowing, explore regen
a: no special abilities


You were on level 3 of the Dungeon.
You visited 1 branch of the dungeon, and saw 3 of its levels.

You collected 99 gold pieces.

Inventory:

Hand Weapons
 m - a +0 long sword (weapon)
Armour
 a - a +0 robe (worn)
 h - an orb of mayhem
 l - a +0 pair of gloves (worn)
 o - a +2 hat (worn)
Jewellery
 j - a ring of poison resistance (left hand)
 k - a ring of magical power (right hand)
Scrolls
 d - a scroll of blinking {unknown}
 e - 2 scrolls of fear {unknown}
 g - a scroll of identify {unknown}
 i - 2 scrolls of silence {unknown}
 n - a scroll of poison {unknown}
Potions
 b - a potion of magic
 c - 3 potions of lignification {unknown}
 f - a potion of might {unknown}


   Skills:
 - Level 2.4 Dodging
 - Level 1.4 Stealth
 + Level 4.3 Spellcasting
 + Level 1.6 Conjurations
 - Level 1.2 Transmutations
 + Level 5.9 Earth Magic


You had 2 spell levels left.
You knew the following spells:

 Your Spells              Type           Power      Damage    Failure   Level
a - Sandblast             Erth           52%        2d12      1%          1
b - Passwall              Tmut/Erth      14%        N/A       4%          2
c - Stone Arrow           Conj/Erth      36%        3d9       9%          3
d - Petrify               Tmut/Erth      17%        N/A       30%         4

Your spell library contained the following spells:

 Spells                   Type           Power      Damage    Failure   Level
 Momentum Strike          Conj/Tloc      14%        3d8       14%         2
 Blink                    Tloc           8%         N/A       21%         2
 Dazzling Flash           Conj/Hex       14%        N/A       28%         3
 Lesser Beckoning         Tloc           8%         N/A       38%         3
 Agony                    Necr           4%         N/A       98%         5
 Silence                  Hex/Air        2%         N/A       98%         5


Dungeon Overview and Level Annotations

Branches:
Dungeon (3/15) Zot: 617

Altars:
Hepliaklqana

Annotations:
D:3 Robin


Innate Abilities, Weirdness & Mutations

You passively map a small area around you.
You are easily found by Zot.
You glow in the dark.
You regain HP and MP as you explore.


Message History

The goblin hits you but does no damage. The goblin misses you.
Robin roars a battlecry!
The goblins go into a battle-frenzy!
The goblin barely misses you. The goblin hits you but does no damage.
Casting: Sandblast (safe; 1% risk of failure)
Confirm with . or Enter, or press ? or * to list all spells.
The blast of sand hits Robin!
Robin is severely wounded.
The goblin hits you with a +0 club.
The orc wizard casts a spell.
The orc wizard flickers and vanishes!
Deactivating autopickup; reactivate with Ctrl-A.
The goblin closely misses you.
Casting: Sandblast (safe; 1% risk of failure)
Confirm with . or Enter, or press ? or * to list all spells.
The blast of sand hits Robin but does no damage.
Robin is severely wounded.
The goblin barely misses you. The orc barely misses you.
The goblin completely misses you. The goblin closely misses you.
The orc priest invokes the aid of Beogh against you.
Beogh smites you!
* * * LOW HITPOINT WARNING * * *
The goblin hits you with a +0 club.
* * * LOW HITPOINT WARNING * * *
The orc hits you but does no damage.
Robin hits you with a +1 mace of draining!
* * * LOW HITPOINT WARNING * * *
You feel drained.
* * * LOW HITPOINT WARNING * * *
Your magical contamination has completely faded away.
Unknown command.
Casting: Sandblast (safe; 1% risk of failure)
Confirm with . or Enter, or press ? or * to list all spells.
Aiming: Passwall (safe; 4% risk of failure)
Press: ? - help, Dir - move target, p - Robin A rock wall.
The goblin hits you with a +0 club.
* * * LOW HITPOINT WARNING * * *
The orc hits you with a +0 club.
You die...

* #############
*#......†....# ,, ,
, #.#########.# , ,
,,, #.#########.# ,
. # *#.##........#
,...#g #.##.#####..#
##.ogg#g##.#####..#
,
....ggo@g.........#
,
##.####g##.#####..##
* , ** ..# # #...##
* *#### *####....##
* .......#..### ,
.....))...... , ,
.......)....## , * *
, ########....# , ,
####.#


You could see Robin, an orc priest, an orc and 7 goblins.

Vanquished Creatures
  Terence (D:2)
  4 adders
  3 gnolls (D:3)
  2 worms (D:2)
  A dart slug (D:2)
  2 ball pythons
  5 bats
  3 endoplasms (D:2)
  3 giant cockroaches
  7 hobgoblins
  5 jackals
  2 quokkas (D:3)
  3 frilled lizards
  10 goblins
  2 kobolds (D:3)
  5 rats
58 creatures vanquished.

Notes
Turn   | Place    | Note
-------+----------+-------------------------------------------
     0 | D:1      | lunkers the Meteoran Earth Elementalist began the quest for
                  | the Orb.
     0 | D:1      | Reached XP level 1. HP: 14/14 MP: 5/5
   132 | D:1      | Reached XP level 2. HP: 20/20 MP: 3/6
   133 | D:1      | Reached skill level 4 in Earth Magic
   137 | D:1      | Learned a level 2 spell: Passwall
   406 | D:1      | Reached XP level 3. HP: 26/26 MP: 6/8
   410 | D:1      | Learned a level 3 spell: Stone Arrow
   489 | D:1      | Glimpsed the power of Zot.
   544 | D:2      | Upgraded the game from 0.30-a0-347-gf58ed5266c to
                  | 0.30-a0-358-g0d69a1922f
   621 | D:2      | Noticed Terence
   629 | D:2      | Reached XP level 4. HP: 12/33 MP: 3/10
   630 | D:2      | Killed Terence
   631 | D:2      | Reached skill level 5 in Earth Magic
   699 | D:2      | Learned a level 4 spell: Petrify
   755 | D:2      | Found a hazy altar of Hepliaklqana.
   777 | D:2      | Reached XP level 5. HP: 33/38 MP: 7/11
  1000 | D:3      | Reached skill level 1 in Conjurations
  1130 | D:3      | Noticed Robin
  1137 | D:3      | HP: 1/36 [goblin/+0 club[Robin] (4)]
  1137 | D:3      | Slain by an orc

Illustrated notes

Levels and vault maps discovered:
D:1:      mrwooster_arrival_statue_3, layout_loops_ring,
          shapermc_ecumenical_altar_totnotflames
D:2:      layout_rooms, basic_altar, minmay_tromino_v4_c, uniq_terence
D:3:      layout_basic, minmay_pentangle, uniq_robin

Skill      XL: |  1  2  3  4  5 |
---------------+----------------+-----
Earth Magic    | 4 5 |  5.9
Spellcasting   | 3 4 |  4.3
Conjurations   | 1 |  1.6
Dodging        | |  2.4
Stealth        | |  1.4
Transmutations | |  1.2

Action                   |  1- 3 |  4- 6 || total
-------------------------+-------+-------++-------
 Cast: Sandblast         |    39 |    53 ||    92
       Passwall          |       |     1 ||     1
Armor: Robe              |     2 |     8 ||    10
Dodge: Dodged            |    12 |    25 ||    37

Table legend: (Time is in decaauts)
 A = Elapsed time spent in this place.
 B = Non-inter-level travel time spent in this place.
 C = Inter-level travel time spent in this place.
 D = Time resting spent in this place.
 E = Time spent auto-exploring this place.
 F = Levels seen in this place.
 G = Mean time per level.
                   A        B        C        D        E       F      G
               +--------+--------+--------+--------+--------+-----+--------+
         Total |   1181 |   1083 |     98 |      0 |    753 |   3 |  393.7 |
       Dungeon |   1181 |   1083 |     98 |      0 |    753 |   3 |  393.7 |
               +--------+--------+--------+--------+--------+-----+--------+

Top non-repeatable levels by time:
     D:1: 519 daAuts
     D:2: 347 daAuts
     D:3: 313 daAuts
